 Dungeon Crawl Stone Soup version 0.30-a0-924-g0ad0bf95bc (webtiles) character file.

Game seed: 2116228981132468356

2249 jasper the Skirmisher (level 9, -1/71 (72) HPs)
             Began as a Demonspawn Hexslinger on Mar 22, 2023.
             Was an Elder of Ashenzari.
             Slain by a hornet (9 damage)
             ... while paralysed by a hornet
             ... on level 8 of the Dungeon.
             The game lasted 00:13:15 (8351 turns).

jasper the Skirmisher (Demonspawn Hexslinger)       Turns: 8351, Time: 00:13:16

HP:   -1/71 (72)    AC: 20    Str: 27    XL:     9   Next: 15%
MP:   12/12         EV:  2    Int: 15    God:    Ashenzari [****..]
Gold: 577           SH:  0    Dex: 13    Spells: 11/12 levels left

rFire   . . .      SeeInvis +    M - +0 shortbow of Star-Bound Wisdom {Cun, Fort} (curse)
rCold   . . .      Faith    .    (shield currently unavailable)
rNeg    . . .      Spirit   .    h - +1 plate armour of Ashenzari's Regret {Cun, Fort} (curse)
rPois   .          Reflect  .    v - +0 helmet "I Knew You'd Do That" {Bglg, Elem} (curse)
rElec   .          Rampage  .    B - +0 cloak "Thunder Perfect Mind" {Elem, Comp} (curse)
rCorr   .          Clarity  +    (no gloves)
Will    .....                    (no boots) Stlth
                                 (no amulet)
HPRegen 0.31/turn                s - ring of Ashenzari's Limitation {Str+6, Alch, Comp} (curse)
MPRegen 0.13/turn                m - ring "Circumscribed Together" {Str+6, Self, Bglg} (curse)

@: paralysed, lethally poisoned (-1 -> -13), slowed, lightly drained
A: claws 1, icy blue scales 2, demonic guardian 2, ignite blood 1
a: Renounce Religion, Shatter the Chains


You were on level 8 of the Dungeon.
You worshipped Ashenzari.
Ashenzari was greatly pleased with you.
You visited 1 branch of the dungeon, and saw 8 of its levels.
You also visited: Sewer and Ossuary.

You collected 577 gold pieces.

Inventory:

Hand Weapons
 a - a +1 sling
 u - the +2 flail of Distant Worlds {venom, SInv Stlth+}
   (You found it on level 3 of the Dungeon)

   SInv:      It lets you see invisible.
   Stlth:     It makes you more stealthy.
 M - the cursed +0 shortbow of Star-Bound Wisdom (weapon) {Cun, Fort}
   (You took it off a centaur on level 7 of the Dungeon)

   It has a curse which improves the following skills: Cunning: Dodging and
   Stealth.
   Fortitude: Armour and Shields.
Missiles
 q - 5 silver javelins
 I - a throwing net
 K - 3 javelins
Armour
 c - a +0 robe
 h - the cursed +1 plate armour of Ashenzari's Regret (worn) {Cun, Fort}
   (You found it on level 2 of the Dungeon)

   It has a curse which improves the following skills: Cunning: Dodging and
   Stealth.
   Fortitude: Armour and Shields.
 n - a +0 ring mail
 p - an orb of guile
 t - a +0 chain mail
 v - the cursed +0 helmet "I Knew You'd Do That" (worn) {Bglg, Elem}
   (You took it off Robin on level 3 of the Dungeon)

   It has a curse which improves the following skills: Beguiling: Conjurations,
   Hexes and Translocations.
   Elements:  Fire Magic, Ice Magic, Air Magic and Earth Magic.
 B - the cursed +0 cloak "Thunder Perfect Mind" (worn) {Elem, Comp}
   (You found it on level 6 of the Dungeon)

   It has a curse which improves the following skills: Elements: Fire Magic, Ice
   Magic, Air Magic and Earth Magic.
   Companions: Summonings and Necromancy.
 O - a +0 helmet
 P - a +0 cloak
Jewellery
 m - the cursed ring "Circumscribed Together" (right claw) {Str+6, Self, Bglg}
   (You took it off a kobold on level 2 of the Dungeon)

   [ring of strength]

   Str:       It affects your strength (+6).
   It has a curse which improves the following skills: Introspection: Fighting
   and Spellcasting.
   Beguiling: Conjurations, Hexes and Translocations.
 o - a ring of willpower
 s - the cursed ring of Ashenzari's Limitation (left claw) {Str+6, Alch, Comp}
   (You found it on level 3 of the Dungeon)

   [ring of strength]

   Str:       It affects your strength (+6).
   It has a curse which improves the following skills: Alchemy: Poison Magic and
   Transmutations.
   Companions: Summonings and Necromancy.
Wands
 l - a wand of paralysis (4)
 C - a wand of digging (4)
 D - a wand of iceblast (17)
 H - a wand of polymorph (3)
Scrolls
 b - 2 scrolls of poison
 k - 9 scrolls of teleportation
 r - 2 scrolls of enchant armour
 y - 2 scrolls of fog
 z - 2 scrolls of fear
 E - a scroll of immolation
 G - a scroll of magic mapping
 J - a scroll of silence
 L - 2 scrolls of enchant weapon
 N - 3 scrolls of blinking
Potions
 d - a potion of curing
 e - 2 potions of ambrosia
 f - 5 potions of brilliance
 g - a potion of magic
 i - 2 potions of haste
 j - 5 potions of lignification
 w - 2 potions of berserk rage
 x - a potion of mutation
 A - 2 potions of resistance


   Skills:
 + Level 5.6(7.4) Fighting
 * Level 8.7 Ranged Weapons
 + Level 4.9(7.5) Armour
 - Level 1.7(3.6) Dodging
 - Level 1.0(2.1) Spellcasting
 - Level 3.0(5.3) Hexes


You had 11 spell levels left.
You knew the following spells:

 Your Spells              Type           Power      Damage    Failure   Level
a - Slow                  Hex            68%        N/A       26%         1

Your spell library contained the following spells:

 Spells                   Type           Power      Damage    Failure   Level
 Inner Flame              Hex/Fire       10%        N/A       91%         3
 Portal Projectile        Hex/Tloc       20%        N/A       91%         3
 Cause Fear               Hex            8%         N/A       95%         4
 Animate Dead             Necr           2%         N/A       100%        4
 Leda's Liquefaction      Hex/Erth       5%         N/A       100%        4
 Lee's Rapid Deconstruct  Erth           1%         3d4*      100%        5
 Statue Form              Tmut/Erth      1%         N/A       100%        6
 Haunt                    Necr/Summ      1%         N/A       100%        7
 Infestation              Necr           1%         N/A       100%        8
 Chain Lightning          Conj/Air       1%         3d1       100%        9
 Fire Storm               Conj/Fire      1%         7d1       100%        9
 Shatter                  Erth           1%         3d5*      100%        9


Dungeon Overview and Level Annotations

Branches:
Dungeon (8/15)             Temple (0/1) D:4           Sewer (visited)
Ossuary (visited)
   Lair: D:8-11

Altars:
Ashenzari
Dithmenos
Okawaru
Qazlal
Trog
Wu Jian


Innate Abilities, Weirdness & Mutations

You have sharp fingernails.
You are mostly covered in icy blue scales. (AC +3)
A demonic guardian rushes to your aid.
Your demonic aura sometimes causes spilled blood to erupt in flames.


Message History

You shoot an arrow. The arrow hits the hornet.
The hornet is heavily wounded.
You feel extremely sick.
The hornet stings you but does no damage. x2
The hornet barely misses you.
You take 7 damage, and have 39/71 hp.
Fire: M) +0 shortbow of Star-Bound Wisdom {Cun, Fort} (curse)
Press: ? - help, Q - select action, (/) - cycle Shift-Dir - straight line, f/p - hornet
Aim: a hornet (heavily wounded, 53% to hit)
You shoot an arrow. The arrow hits the hornet.
The hornet is severely wounded.
You feel very sick. The hornet barely misses you.
The hornet closely misses you. The hornet stings you.
You feel as though you will be slow longer.
You take 4 damage, and have 35/71 hp.
Fire: M) +0 shortbow of Star-Bound Wisdom {Cun, Fort} (curse)
Press: ? - help, Q - select action, (/) - cycle Shift-Dir - straight line, f/p - hornet
Aim: a hornet (severely wounded, 53% to hit)
You shoot an arrow. The arrow hits the hornet.
The hornet is severely wounded.
You feel sick. The hornet stings you!
You feel as though you will be slow longer.
The hornet stings you.
You feel as though you will be slow longer.
The hornet completely misses you. x2
You take 13 damage, and have 22/71 hp.
Fire: M) +0 shortbow of Star-Bound Wisdom {Cun, Fort} (curse)
Press: ? - help, Q - select action, (/) - cycle Shift-Dir - straight line, f/p - hornet
Aim: a hornet (severely wounded, 53% to hit)
You shoot an arrow. The arrow hits the hornet.
The hornet is severely wounded.
You feel sick. The hornet stings you!
* * * LOW HITPOINT WARNING * * *
A demonic guardian appears!
You suddenly lose the ability to move!
The hornet stings you.
* * * LOW HITPOINT WARNING * * *
You are lethally poisoned!
You shrug off the repeated paralysis!
The hornet stings you!
You die...

## * , . , #.* *# #.#*
#. #.##################
#.###...........4.....#
*
*#.#.##########@###.#..
*#.## #....y.# , , ,, *
* ####.# #.####.# **
**,* .....######.# #..
, * ............# ### *
*, .....######## *
.#...# * ,*
.....############### **
.....).))))).).....# ,*
* *


You could see a hornet (ally target) and a friendly ice devil (summoned).

Vanquished Creatures
  A wyvern (D:7)
  Menkaure (Ossuary)
  An orc warrior (D:7)
  A sky beast (D:7)
  Pargi (Sewer)
  An ogre (D:7)
  2 centaurs
  Blork the orc (D:4)
  A kobold brigand (D:8)
  A bullfrog (D:7)
  A scorpion (D:5)
  A wight (D:8)
  3 hounds
  A jelly (D:7)
  2 orc priests
  Ijyb (D:4)
  Natasha (thrice) (D:4)
  3 iguanas
  6 orc wizards
  3 mummies (Ossuary)
  Robin (D:3)
  15 adders
  A shadow imp (D:7)
  2 white imps (D:7)
  An ufetubus (D:4)
  5 worms
  3 dart slugs
  12 orcs
  4 ball pythons
  5 bats
  9 endoplasms
  10 giant cockroaches
  4 gnoll zombies (Ossuary)
  16 goblins
  12 hobgoblins
  6 jackals
  11 kobolds
  3 quokkas
  3 frilled lizards
  3 gnoll skeletons (Ossuary)
  6 goblin skeletons (Ossuary)
  6 goblin zombies (Ossuary)
  A hobgoblin skeleton (Ossuary)
  5 hobgoblin zombies (Ossuary)
  7 kobold skeletons (Ossuary)
  A kobold zombie (Ossuary)
  2 orc skeletons (Ossuary)
  5 orc zombies (Ossuary)
  3 rats (D:1)
  4 rat skeletons (Ossuary)
  2 rat zombies (Ossuary)
203 creatures vanquished.

Vanquished Creatures (collateral kills)
  A steam dragon (D:8)
  A bullfrog (D:6)
  A wight (D:8)
  A hobgoblin skeleton (Ossuary)
  2 kobolds (D:8)
  2 kobold zombies (Ossuary)
  A rat skeleton (Ossuary)
9 creatures vanquished.

Vanquished Creatures (others)
  A wight (D:8)
  A plant (D:2)
2 creatures vanquished.

Grand Total: 214 creatures vanquished

Notes
Turn   | Place    | Note
-------+----------+-------------------------------------------
     0 | D:1      | jasper the Demonspawn Hexslinger began the quest for the
                  | Orb.
     0 | D:1      | Reached XP level 1. HP: 15/15 MP: 2/2
    85 | D:1      | Reached skill level 2 in Ranged Weapons
   281 | D:1      | Gained mutation: Your demonic aura sometimes causes spilled
                  | blood to erupt in flames. [demonic ancestry]
   281 | D:1      | Reached XP level 2. HP: 18/21 MP: 3/3
   685 | D:1      | Reached skill level 3 in Ranged Weapons
   995 | D:2      | Gained mutation: You have sharp fingernails. [demonic
                  | ancestry]
   995 | D:2      | Reached XP level 3. HP: 15/26 MP: 4/4
  1379 | D:2      | Reached skill level 4 in Ranged Weapons
  1379 | D:2      | Gained mutation: You are partially covered in icy blue
                  | scales. (AC +2) [demonic ancestry]
  1379 | D:2      | Reached XP level 4. HP: 32/32 MP: 5/5
  2079 | D:3      | Found a stormy altar of Qazlal.
  2439 | D:3      | Reached XP level 5. HP: 37/37 MP: 6/6
  2803 | D:3      | Identified the +2 flail of Distant Worlds {venom, SInv
                  | Stlth+}
  2828 | D:3      | Noticed Robin
  2844 | D:3      | Killed Robin
  3046 | D:4      | Noticed Blork the orc
  3053 | D:4      | Killed Blork the orc
  3054 | D:4      | Reached skill level 5 in Ranged Weapons
  3054 | D:4      | Reached skill level 1 in Armour
  3131 | D:4      | Gained mutation: You are mostly covered in icy blue scales.
                  | (AC +3) [demonic ancestry]
  3131 | D:4      | Reached XP level 6. HP: 41/44 MP: 7/7
  3157 | D:4      | Noticed Ijyb
  3158 | D:4      | Paralysed by Ijyb for 5 turns
  3159 | D:4      | Killed Ijyb
  3189 | D:4      | Found an ornate altar of the Wu Jian Council.
  3325 | D:4      | Found a broken altar of Ashenzari.
  3500 | D:4      | Became a worshipper of Ashenzari the Shackled
  3577 | D:4      | Noticed Natasha
  3584 | D:4      | Killed Natasha
  3585 | D:4      | Found a staircase to the Ecumenical Temple.
  3668 | D:4      | Noticed Natasha
  3672 | D:4      | Killed Natasha
  3814 | D:4      | Noticed Natasha
  3825 | D:4      | Killed Natasha
  3826 | D:4      | Gained mutation: A weak demonic guardian rushes to your
                  | aid. [demonic ancestry]
  3826 | D:4      | Reached XP level 7. HP: 42/51 MP: 8/8
  3957 | D:5      | Entered Level 5 of the Dungeon
  4127 | D:5      | Reached skill level 6 in Ranged Weapons
  4924 | D:6      | Reached * piety under Ashenzari
  4949 | D:6      | Found a glowing drain.
  4976 | Sewer    | Entered a sewer
  5100 | Sewer    | Noticed Pargi
  5107 | Sewer    | Killed Pargi
  5467 | D:6      | Reached ** piety under Ashenzari
  5724 | D:6      | Found a bloodstained altar of Trog.
  5724 | D:6      | Found an iron altar of Okawaru.
  5981 | D:7      | Reached skill level 7 in Ranged Weapons
  5981 | D:7      | Gained mutation: A demonic guardian rushes to your aid.
                  | [demonic ancestry]
  5981 | D:7      | Reached XP level 8. HP: 58/62 MP: 10/10
  6084 | D:7      | Found a shadowy altar of Dithmenos.
  6521 | D:7      | Reached *** piety under Ashenzari
  6816 | D:7      | Reached skill level 5 in Fighting
  6816 | D:7      | Reached skill level 8 in Ranged Weapons
  6982 | D:8      | Found a sand-covered staircase.
  6999 | Ossuary  | Entered an ossuary
  7789 | Ossuary  | Noticed Menkaure
  7799 | Ossuary  | Killed Menkaure
  8072 | D:8      | HP: 3/65 [something/ball of steam (4)]
  8081 | D:8      | Reached XP level 9. HP: 9/71 MP: 11/11
  8091 | D:8      | HP: 3/70 [wight/+0 flail (3)]
  8330 | D:8      | Reached **** piety under Ashenzari
  8344 | D:8      | Paralysed by a hornet for 3 turns
  8351 | D:8      | Paralysed by a hornet for 2 turns
  8351 | D:8      | Slain by a hornet

Illustrated notes

Levels and vault maps discovered:
D:1:      evilmike_arrival_rings, layout_loops_corners
D:2:      cheibrodos_old_hovel, layout_basic, basic_altar, serial_bayou_pond_e,
          nicolae_half_adder
D:3:      kennysheep_goblin_castle, layout_rooms,
          mainiacjoe_overflow_concentric_impassable, kennysheep_boxes
D:4:      layout_rooms, mainiacjoe_overflow_catch_the_wave,
          minmay_temple_entry_large_hall, solitary_fountain, dk_noncrumbling_2,
          serial_bayou_pond_a, uniq_ijyb, uniq_natasha, uniq_blork_the_orc
D:5:      layout_gridville, mainiacjoe_overflow_alcove_1, nicolae_hexahallways
D:6:      layout_gridville, grunt_temple_overflow_bloody_war,
          gup_sewer_entry_glass
D:7:      layout_gridville, grunt_dithmenos_shadows, minivault_22
D:8:      layout_loops_ring, lemuel_crystal_altar, erik_lair_orcish_takeover,
          nicolae_ossuary_entry_ruins, kennysheep_kite_vault

Skill      XL: |  1  2  3  4  5  6  7  8 |
---------------+-------------------------+-----
Ranged Weapons | 2 3 4 5 7 8 |  8.7
Armour         | 1 2 3 4 |  4.9
Fighting       | 2 4 5 |  5.6
Dodging        | |  1.7
Spellcasting   | |  1.0
Hexes          | |  3.0

Action                     |  1- 3 |  4- 6 |  7- 9 || total
---------------------------+-------+-------+-------++-------
  Melee: Flail             |       |    41 |    49 ||    90
         Punch             |       |       |     1 ||     1
   Fire: Sling             |   128 |   222 |    64 ||   414
         Shortbow          |       |       |   290 ||   290
   Cast: Slow              |     1 |       |       ||     1
 Invoke: Curse Item        |       |       |     6 ||     6
  Evoke: Wand              |       |       |     6 ||     6
    Use: Scroll            |     1 |     8 |     2 ||    11
         Potion            |       |       |     5 ||     5
 Armour: Robe              |    10 |     2 |       ||    12
         Plate armour      |       |   160 |   230 ||   390
         Ring mail         |       |     3 |       ||     3
  Dodge: Dodged            |    30 |    74 |   115 ||   219

Table legend: (Time is in decaauts)
 A = Elapsed time spent in this place.
 B = Non-inter-level travel time spent in this place.
 C = Inter-level travel time spent in this place.
 D = Time resting spent in this place.
 E = Time spent auto-exploring this place.
 F = Levels seen in this place.
 G = Mean time per level.
                   A        B        C        D        E       F      G
               +--------+--------+--------+--------+--------+-----+--------+
         Total |   8721 |   8500 |    221 |   1121 |   5557 |  10 |  872.1 |
       Dungeon |   7404 |   7183 |    221 |    658 |   5116 |   8 |  925.5 |
         Sewer |    188 |    188 |      0 |      0 |    116 |   1 |  188.0 |
       Ossuary |   1129 |   1129 |      0 |    463 |    325 |   1 | 1129.0 |
               +--------+--------+--------+--------+--------+-----+--------+

Top non-repeatable levels by time:
     D:3: 1161 daAuts
 Ossuary: 1129 daAuts
     D:7: 1059 daAuts
     D:1: 1007 daAuts
     D:2: 999 daAuts
     D:4: 962 daAuts
     D:5: 953 daAuts
     D:6: 915 daAuts
     D:8: 345 daAuts
   Sewer: 188 daAuts
